 Dungeon Crawl Stone Soup version 0.22.1-2-g9c5b331383 (webtiles) character file.

5861 Marnok the Blocker (level 11, -4/81 HPs)
             Began as a Human Fighter on Dec 5, 2018.
             Was an Initiate of Gozag.
             Slain by a vampire (6 damage)
             ... on level 8 of the Dungeon.
             The game lasted 01:04:15 (9790 turns).

Marnok the Blocker (Human Fighter)                  Turns: 9790, Time: 01:04:15

Health: -4/81      AC:  8    Str: 18    XL:     11   Next: 7%
Magic:  0/11       EV: 13    Int: 10    God:    Gozag
Gold:   1488       SH: 12    Dex: 13    Spells: 10/10 levels left

rFire    + . .     SeeInvis .   h - +0 demon blade (freeze)
rCold    . . .     Gourm    .   c - +1 shield
rNeg     + . .     Faith    .   E - +1 leather armour {rF+}
rPois    .         Spirit   +   (no helmet)
rElec    .         Reflect  .   j - +2 cloak
rCorr    .         Harm     .   (no gloves)
MR       .....                  (no boots)
Stlth    ++........             D - amulet of guardian spirit
HPRegen  0.23/turn              r - ring of positive energy
MPRegen  0.12/turn              (no ring)

@: no status effects
A: no striking features
a: Potion Petition, Call Merchant, Bribe Branch, Renounce Religion


You were on level 8 of the Dungeon.
You worshipped Gozag.
Gozag was most pleased with you.
You were not hungry.

You visited 1 branch of the dungeon, and saw 10 of its levels.

You collected 1555 gold pieces.
You paid 67 gold pieces to Gozag.

Inventory:

Hand Weapons
 a - a +0 long sword
 d - a +0 flail of protection
 e - a +2 short sword of venom
 h - a +0 demon blade of freezing (weapon)
 i - a +2 quarterstaff of chaos
 u - a +0 dagger of electrocution
 w - the cursed +0 dagger of Anile {protect, Str+3, unknown}
   (You found it on level 5 of the Dungeon)

   It protects the one who uses it against injury (+AC on strike).
   It affects your strength (+3).
   It has a curse placed upon it.
 x - a +0 mace of draining
 C - the +10 hunting sling of Devotion {freeze, rPois Int+3, unknown}
   (You found it on level 8 of the Dungeon)

   It causes projectiles fired from it to freeze those they strike, causing
   extra injury to most foes and up to half again as much damage against
   particularly susceptible opponents.
   They can also slow down cold-blooded creatures.
   It affects your intelligence (+3).
   It protects you from poison.
 H - a +4 scimitar of freezing
 I - the cursed +1 war axe of Doutiemu {venom, rElec rF+, unknown}
   (You found it on level 8 of the Dungeon)

   It poisons the flesh of those it strikes.
   It protects you from fire.
   It insulates you from electricity.
   It has a curse placed upon it.
 M - a +1 shortbow of flaming
Missiles
 k - 6 tomahawks (quivered)
 N - 45 arrows
Armour
 c - a +1 shield (worn)
 j - a +2 cloak (worn)
 n - a +0 cloak
 E - a +1 leather armour of fire resistance (worn)
Magical Staves
 o - an uncursed staff of air {unknown}
 F - an uncursed staff of death {unknown}
Jewellery
 r - a ring of positive energy (left hand)
 D - an amulet of guardian spirit (around neck)
Wands
 b - a wand of flame (26)
 g - a wand of enslavement (7)
 q - a wand of paralysis (7)
 t - a wand of digging (16)
 v - a wand of iceblast (13)
 A - a wand of polymorph (23)
Scrolls
 y - a scroll of remove curse
 z - a scroll of identify
 B - 2 scrolls of magic mapping
 J - a scroll of enchant weapon
Potions
 s - 2 potions of flight
 L - a potion of cancellation
Comestibles
 f - 8 rations


   Skills:
 + Level 6.1 Fighting
 + Level 8.2(8.4) Short Blades
 + Level 2.1(5.6) Long Blades
 + Level 1.3 Throwing
 + Level 7.6 Armour
 + Level 5.6 Dodging
 + Level 2.1 Stealth
 + Level 8.7 Shields


You had 10 spell levels left.
You didn't know any spells.
Your spell library contained the following spells:

 Spells                   Type           Power        Failure   Level  Hunger
 Corona                   Hex            #......      69%         1    ##.....
 Sandblast                Erth           #.....       69%         1    ##.....
 Ensorcelled Hibernation  Hex/Ice        #.....       83%         2    ###....
 Passwall                 Tmut/Erth      #.......     83%         2    ###....
 Confuse                  Hex            #.......     96%         3    ####...
 Dazzling Spray           Conj/Hex       #.....       96%         3    ####...
 Stone Arrow              Conj/Erth      #.....       96%         3    ####...
 Tukima's Dance           Hex            #.......     96%         3    ####...
 Petrify                  Tmut/Erth      #.......     100%        4    #####..
 Lee's Rapid Deconstruct  Erth           #.........   100%        5    ######.


Dungeon Overview and Level Annotations

Branches:
Dungeon (10/15)            Temple (0/1) D:7             Orc (0/2) D:9
   Lair: D:8-11

Altars:
Ashenzari
Dithmenos
Fedhas
Gozag
Kikubaaqudgha
Makhleb
Nemelex Xobeh
Okawaru
Zin
The Shining One

Shops:
D:7 !


Message History

Something barely misses you. Something bites you but does no damage.
Something hits you. Something bites you!
* * * LOW HITPOINT WARNING * * *
Something draws strength from your injuries!
There is an open door, spattered with blood here.
You're too confused to move!
You hear some strange, mumbled words.
Something tries to affect you, but you resist.
You bump into the rock wall.
Something hits you but does no damage. Something bites you but does no damage.
You feel better. You block something's attack. Something bites you.
* * * LOW HITPOINT WARNING * * *
Something draws strength from your injuries!
Okay, then.
Okay, then.
Aiming: Throw Flame
Press: ? - help, Shift-Dir - straight line Something hits you.
You die...
Your body crumbles into a pile of gold.

# #..............# ###
##'###.....§§§§# '.#
#.###...§§.§§§# #.#
#####...'....§<§§§#
#.###.....###....§§§§§#
#..##.....# #....).§§.#
##.##.....# #.......)[#
##..#.....# ####'##.#)# #########
###.......### #@##.#.# #[.......
............# #.##.#.###.#......
............# #.##.#..........#.
............# #.##.#####.##..##.
####..._....####.##.#####.#..[...
.............................>###
###.......##.###.##.#####.#..## #
#..#.#.###.....#........#..# #
#..#...# #.....##########..####


There were no monsters in sight!

Vanquished Creatures
  A two-headed ogre (D:8)
  Maurice (D:8)
  A hippogriff (D:7)
  A hog (D:7)
  A human (D:7)
  3 yaks (D:7)
  3 wyverns (D:8)
  2 hungry ghosts (D:8)
  A vampire mosquito (D:8)
  Edmund (D:4)
  An ice beast (D:7)
  2 orc warriors
  A sky beast (D:9)
  An ogre (D:7)
  3 centaurs
  3 phantoms
  3 bullfrogs
  2 scorpions (D:4)
  4 killer bees (D:8)
  8 wights
  2 howler monkeys
  2 crimson imps
  A centaur zombie (D:9)
  2 quasits
  4 hounds
  Crazy Yiuf (D:5)
  3 orc priests
  6 orc wizards
  5 iguanas
  Ijyb (D:5)
  8 worker ants
  A hound zombie (D:6)
  A howler monkey zombie (D:7)
  2 worker ant zombies
  7 gnolls
  15 adders
  A shadow imp (D:8)
  An adder zombie (D:6)
  2 adder skeletons
  2 worms (D:5)
  A dart slug (D:1)
  5 leopard geckos
  30 orcs
  7 bats
  7 giant cockroaches
  5 goblins
  6 hobgoblins
  6 jackals (D:5)
  10 kobolds
  A quokka (D:7)
  4 ball pythons
  3 frilled lizards
  A quokka skeleton (D:5)
  11 rats
207 creatures vanquished.

Notes
Turn   | Place    | Note
-------+----------+-------------------------------------------
     0 | D:1      | Marnok the Human Fighter began the quest for the Orb.
     0 | D:1      | Reached XP level 1. HP: 18/18 MP: 1/1
   294 | D:1      | Reached XP level 2. HP: 19/24 MP: 2/2
   472 | D:1      | You fall through a shaft!
   490 | D:2      | Found a shattered altar of Ashenzari.
   522 | D:1      | Reached XP level 3. HP: 29/29 MP: 3/3
   700 | D:1      | Found a sparkling altar of Nemelex Xobeh.
  1052 | D:3      | Reached skill level 1 in Short Blades
  1052 | D:3      | Reached skill level 1 in Dodging
  1052 | D:3      | Reached XP level 4. HP: 23/35 MP: 4/4
  1370 | D:2      | Found a shadowy altar of Dithmenos.
  1614 | D:2      | Reached XP level 5. HP: 41/41 MP: 5/5
  2176 | D:5      | Entered Level 5 of the Dungeon
  2271 | D:3      | Found an opulent altar of Gozag.
  2271 | D:3      | Found a glowing silver altar of Zin.
  2273 | D:3      | Reached XP level 6. HP: 47/47 MP: 6/6
  2302 | D:3      | Became a worshipper of Gozag Ym Sagoz the Greedy
  2406 | D:3      | Found a blossoming altar of Fedhas.
  2627 | D:4      | Found a burning altar of Makhleb.
  2744 | D:5      | Reached XP level 7. HP: 53/53 MP: 7/7
  2872 | D:4      | Noticed Edmund
  2888 | D:4      | Killed Edmund
  3220 | D:5      | Noticed Ijyb
  3239 | D:5      | Killed Ijyb
  3389 | D:4      | Reached XP level 8. HP: 55/60 MP: 8/8
  3538 | D:4      | Reached skill level 5 in Shields
  3552 | D:4      | Found an iron altar of Okawaru.
  3768 | D:5      | Found an ancient bone altar of Kikubaaqudgha.
  3770 | D:5      | Got a bone dagger
  3837 | D:5      | Found a sparkling altar of Nemelex Xobeh.
  3896 | D:5      | Reached skill level 5 in Armour
  4165 | D:5      | Reached skill level 5 in Short Blades
  4342 | D:5      | Reached skill level 1 in Stealth
  4506 | D:5      | Found a runed door.
  4514 | D:5      | Noticed Crazy Yiuf
  4521 | D:5      | Killed Crazy Yiuf
  4637 | D:5      | Reached XP level 9. HP: 60/66 MP: 9/9
  4788 | D:7      | Noticed a hippogriff
  5403 | D:6      | Found a shattered altar of Ashenzari.
  6221 | D:7      | Killed a hippogriff
  6397 | D:7      | Reached skill level 5 in Fighting
  6397 | D:7      | Reached XP level 10. HP: 37/74 MP: 10/10
  6576 | D:7      | Found Dyterac's Distillery.
  6772 | D:7      | Found a staircase to the Ecumenical Temple.
  6948 | D:8      | Reached skill level 1 in Throwing
  6966 | D:8      | Noticed Maurice
  6989 | D:8      | Killed Maurice
  7078 | D:8      | Got a crude hunting sling
  7123 | D:8      | Found a glowing golden altar of the Shining One.
  7340 | D:8      | Noticed a two-headed ogre
  7352 | D:8      | Killed a two-headed ogre
  7461 | D:8      | Reached skill level 5 in Dodging
  7715 | D:8      | Found a burning altar of Makhleb.
  7913 | D:8      | Got a crystal war axe
  8578 | D:8      | Reached XP level 11. HP: 58/81 MP: 11/11
  9019 | D:9      | Found a staircase to the Orcish Mines.
  9059 | D:10     | Entered Level 10 of the Dungeon
  9141 | D:9      | Noticed a cyclops
  9785 | D:8      | HP: 1/81 [something (7)]
  9790 | D:8      | Slain by a vampire

Skill      XL: |  1  2  3  4  5  6  7  8  9 10 11 |
---------------+----------------------------------+-----
Short Blades   | 1 3 4 5 6 8 |  8.2
Dodging        | 1 2 3 4 5 |  5.6
Shields        | 4 5 7 8 |  8.7
Armour         | 4 5 6 7 |  7.6
Fighting       | 4 5 6 |  6.1
Stealth        | 1 2 |  2.1
Throwing       | 1 |  1.3
Long Blades    | |  2.1

Action                   |  1- 3 |  4- 6 |  7- 9 | 10-12 || total
-------------------------+-------+-------+-------+-------++-------
Melee: Long sword        |     7 |       |       |       ||     7
       Short sword       |    75 |   146 |   496 |   430 ||  1147
       Demon blade       |       |       |       |     2 ||     2
Throw: Tomahawk          |       |       |    12 |     6 ||    18
Evoke: Wand              |       |       |       |     2 ||     2
  Use: Scroll            |       |     7 |     9 |     6 ||    22
       Potion            |       |     5 |     5 |     5 ||    15
 Stab: Distracted        |       |     1 |       |     2 ||     3
       Sleeping          |       |       |       |     1 ||     1
  Eat: Ration            |       |     2 |     3 |    10 ||    15
       Chunk             |       |     1 |       |       ||     1
Armor: Scale mail        |    56 |    49 |   149 |    28 ||   282
       Leather armour    |       |       |       |    56 ||    56
Dodge: Dodged            |    20 |    43 |   117 |   135 ||   315
Block: Shield            |    47 |    71 |   214 |   213 ||   545
